 Dungeon Crawl Stone Soup version 0.26-a0-259-g1effd001a9 (webtiles) character file.

Game seed: 8064434019018015268

154 drasked the Skirmisher (level 5, -2/33 HPs)
             Began as a Gargoyle Fighter on July 26, 2020.
             Killed from afar by Natasha (7 damage)
             ... with a puff of flame
             ... on level 3 of the Dungeon.
             The game lasted 00:04:03 (2232 turns).

drasked the Skirmisher (Gargoyle Fighter)           Turns: 2232, Time: 00:04:04

Health: -2/33      AC: 12    Str: 21    XL:     5   Next: 35%
Magic:  0/5        EV:  7    Int:  8    God:
Gold:   171        SH:  9    Dex:  9    Spells: 4/4 levels left

rFire    . . .     SeeInvis .   a - +0 war axe
rCold    . . .     Faith    .   c - +0 kite shield
rNeg     + + .     Spirit   +   b - +0 scale mail
rPois    ∞         Reflect  .   (no helmet)
rElec    +         Harm     .   (no cloak)
rCorr    .                      q - +0 pair of gloves
MR       .....                  (no boots)
Stlth    ..........             G - amulet of guardian spirit {SpiritSpirit}
HPRegen  0.11/turn              N - ring of positive energy {rN+rN+}
MPRegen  0.09/turn              (no ring)

@: slowed, very slow
A: negative energy resistance 1, electricity resistance, unbreathing,
petrification resistance, rot immunity, AC +4
a: no special abilities


You were on level 3 of the Dungeon.
You were not hungry.

You visited 1 branch of the dungeon, and saw 3 of its levels.

You collected 171 gold pieces.

Inventory:

Hand Weapons
 a - a +0 war axe (weapon)
Missiles
 h - 5 atropa-tipped darts
 p - 24 poisoned darts
 Q - 86 stones (quivered)
Armour
 b - a +0 scale mail (worn)
 c - a +0 kite shield (worn)
 q - a +0 pair of gloves (worn)
   (You found it on level 2 of the Dungeon)
Jewellery
 G - an amulet of guardian spirit (around neck) {SpiritSpirit}
   (You found it on level 3 of the Dungeon)
 N - a ring of positive energy (left hand) {rN+rN+}
   (You found it on level 1 of the Dungeon)
Scrolls
 f - 2 scrolls of identify {unknown}
 i - a scroll of amnesia {unknown}
 k - a scroll of teleportation {unknown}
 l - a scroll of remove curse {unknown}
 m - a scroll of enchant armour {unknown}
 n - 2 scrolls of fear {unknown}
 r - a scroll of random uselessness {unknown}
Potions
 d - a potion of might
 g - 2 potions of flight {unknown}
 j - a potion of degeneration {unknown}
 o - a potion of haste {unknown}
Comestibles
 e - 8 rations


   Skills:
 + Level 4.1 Fighting
 * Level 3.3 Axes
 + Level 4.1 Armour
 + Level 4.0 Shields


You had 4 spell levels left.
You didn't know any spells.
Your spell library was empty.

Dungeon Overview and Level Annotations

Branches:
Dungeon (3/15)

Altars:
Uskayaw

Annotations:
D:3 Natasha, Terence


Innate Abilities, Weirdness & Mutations

You are resistant to torment.
Your stone body is resilient. (AC +4)
You are immune to poison.
You resist negative energy. (rN+)
You are resistant to electric shocks. (rElec)
You can survive without breathing.
You are immune to petrification.
You are immune to rotting.


Message History

Q - 86 stones (gained 1)
r - a scroll labeled DOYBUI ENUCHYIGIAR A hobgoblin comes into view.
It is wielding a +0 club.
The hobgoblin hits you but does no damage.
A hobgoblin is nearby!
A hobgoblin is nearby!
You hit the hobgoblin. You block the hobgoblin's attack.
You completely miss the hobgoblin. You block the hobgoblin's attack.
The hobgoblin hits you but does no damage.
You slash the hobgoblin!
You kill the hobgoblin!
No target in view!
Things that are here:
a +0 club; a hobgoblin corpse As you open the large door, it creaks loudly!
An ufetubus comes into view.
An ufetubus is nearby!
An ufetubus is nearby!
You closely miss the ufetubus. You block the ufetubus's attack.
The ufetubus hits you but does no damage. x2
You block the ufetubus's attack. The ufetubus hits you.
The ufetubus closely misses you.
You hit the ufetubus. The ufetubus barely misses you. x2
The ufetubus hits you but does no damage.
You block the ufetubus's attack.
You slash the ufetubus!
You kill the ufetubus!
No target in view!
You start resting.
There is a large open door here. 3 gnolls, Terence and Natasha come into view.
Natasha is carrying a wand of flame (13).
Terence shouts!
Natasha hisses angrily.
The gnoll shouts! x2
You hear an angry hiss.
Natasha zaps a wand.
The puff of flame hits you.
A gnoll comes into view. It is wielding a +0 spear.
The gnoll moves out of view. x2
Natasha stares at you and mumbles some strange words.
The magic dart hits you but does no damage.
Natasha stares at you and mumbles some strange words.
The magic dart hits you.
You slash Natasha!
Natasha stares at you and mumbles some strange words.
You resist with some effort.
You barely miss Natasha. Natasha claws you but does no damage.
Natasha stares at you and mumbles some strange words.
The magic dart hits you!
You completely miss Natasha.
Natasha zaps a wand.
You block the puff of flame.
You closely miss Natasha.
A goblin comes into view. It is wielding a +1 dagger of draining.
Natasha casts a spell at you.
You feel yourself slow down.
The goblin shouts!
You hit Natasha but do no damage. Natasha barely misses you.
Natasha claws you. x2
You closely miss Natasha. You block Natasha's attack.
Natasha barely misses you.
You closely miss Natasha.
Natasha zaps a wand.
The puff of flame hits you. Natasha claws you.
* * * LOW MAGIC WARNING * * *
You barely miss Natasha. Natasha closely misses you.
Natasha casts a spell at you.
You feel as though you will be slow longer.
Terence looks scornfully at you.
You hit Natasha but do no damage. Natasha barely misses you.
You block Natasha's attack.
You barely miss Natasha.
Natasha stares at you and mumbles some strange words.
You resist with some effort. Natasha claws you.
* * * LOW HITPOINT WARNING * * *
You hit Natasha.
Natasha stares at you and mumbles some strange words.
You resist with some effort.
Natasha zaps a wand.
You block the puff of flame.
You closely miss Natasha. Natasha claws you.
* * * LOW MAGIC WARNING * * *;
* * * LOW HITPOINT WARNING * * *
Terence looks scornfully at you.
Natasha stares at you and mumbles some strange words.
The magic dart hits you.
* * * LOW HITPOINT WARNING * * *
A dart slug comes into view.
You closely miss Natasha. Natasha claws you but does no damage.
You block Natasha's attack.
Your shield prevents you from hitting Natasha.
The gnoll shouts!
You hear an angry hiss.
Natasha claws you but does no damage.
Natasha stares at you and mumbles some strange words.
The magic dart hits you!
* * * LOW MAGIC WARNING * * *;
* * * LOW HITPOINT WARNING * * *
Natasha mumbles some strange words.
You hit Natasha. You closely miss the shadow imp.
Natasha claws you but does no damage.
The shadow imp hits you but does no damage.
Natasha zaps a wand.
The puff of flame hits you!
You die...

####++#### g# #≈≈≈..≈≈≈# g.
#≈......≈# h# #
###≈.♣♣♣..≈### .#.#
#.'..♣..♣).'.# .#g#
#.'..♣..♣..'.# ...
..#≈..♣♣♣.≈#.# ##.##
..#≈......≈#.#######g..####
..#≈≈≈..≈≈≈#...5@hg@gg....'.
..####++############gw.####.
<## ##.## ## .# # ##
######## ##......#


You could see Terence, Natasha, 4 gnolls, a shadow imp (summoned), a dart slug
and a goblin.

Levels and vault maps discovered:
D:1:      mrwooster_arrival_statue, layout_basic, minmay_misc_feat_chi,
          glass_columns_a
D:2:      layout_rooms, chequers_ecumenical_altar_grove,
          minmay_misc_feat_secret_circle, corner_web_ring
D:3:      layout_loops_corners, old_standard_altar, minmay_misc_feat_five,
          kennysheep_generic_room_7, uniq_terence, uniq_natasha

Notes
Turn   | Place    | Note
-------+----------+-------------------------------------------
     0 | D:1      | drasked the Gargoyle Fighter began the quest for the Orb.
     0 | D:1      | Reached XP level 1. HP: 14/14 MP: 1/1
   220 | D:1      | Reached skill level 2 in Axes
   227 | D:1      | Reached XP level 2. HP: 16/19 MP: 2/2
   311 | D:1      | Identified a +0 short sword
   311 | D:1      | Identified a +0 club
   506 | D:1      | Reached XP level 3. HP: 23/23 MP: 3/3
   531 | D:1      | Identified a +0 dagger
   923 | D:2      | Identified a +0 whip
   927 | D:2      | Identified a +0 short sword
  1030 | D:2      | Identified a +0 club
  1155 | D:2      | Identified a +0 club
  1249 | D:2      | Identified a +0 whip
  1264 | D:2      | Reached XP level 4. HP: 20/29 MP: 4/4
  1456 | D:2      | Identified a ring of poison resistance (You found it on
                  | level 2 of the Dungeon)
  1457 | D:2      | Identified a ring of ice (You found it on level 1 of the
                  | Dungeon)
  1459 | D:2      | Identified a ring of positive energy (You found it on level
                  | 1 of the Dungeon)
  1468 | D:2      | Identified a +0 pair of gloves (You found it on level 2 of
                  | the Dungeon)
  1504 | D:2      | Found a faded altar of an unknown god.
  1570 | D:2      | Identified a +0 club
  1607 | D:2      | Identified a +0 club
  1634 | D:2      | Identified a +0 club
  1833 | D:3      | Reached skill level 3 in Axes
  1876 | D:3      | Found a hide-covered altar of Uskayaw.
  1876 | D:3      | Identified a +0 club
  1945 | D:3      | Reached skill level 4 in Fighting
  1951 | D:3      | Identified an uncursed amulet of guardian spirit (You found
                  | it on level 3 of the Dungeon)
  1992 | D:3      | Identified a +0 ring mail
  2021 | D:3      | Noticed Natasha
  2021 | D:3      | Identified a +0 mace
  2021 | D:3      | Identified a +0 ring mail
  2021 | D:3      | Identified a +0 mace
  2028 | D:3      | Killed Natasha
  2028 | D:3      | Reached skill level 4 in Armour
  2028 | D:3      | Reached skill level 4 in Shields
  2028 | D:3      | Reached XP level 5. HP: 33/33 MP: 5/5
  2045 | D:3      | Identified a +0 leather armour
  2048 | D:3      | Identified a +0 dagger
  2180 | D:3      | Identified a +0 club
  2209 | D:3      | Identified a +3 short sword
  2209 | D:3      | Identified a +0 chain mail
  2209 | D:3      | Noticed Terence
  2209 | D:3      | Noticed Natasha
  2209 | D:3      | Identified a +0 whip
  2209 | D:3      | Identified a +0 whip
  2209 | D:3      | Identified a +0 whip
  2209 | D:3      | Identified a +0 spear
  2221 | D:3      | Identified a +1 dagger of draining
  2231 | D:3      | HP: 5/33 [Natasha/magic dart (5)]
  2232 | D:3      | Killed from afar by Natasha

Table legend:
 A = Turns spent in this place as a percentage of turns spent in the entire game.
 B = Non-inter-level travel turns spent in this place as a percentage of non-inter-level travel turns spent in the entire game.
 C = Inter-level travel turns spent in this place as a percentage of turns spent in this place.
 D = Turns resting spent in this place as a percentage of non-inter-level travel turns spent in this place.
 E = Turns spent auto-exploring this place as a percentage of non-inter-level travel turns spent in this place.
 F = Non-inter-level travel turns spent in this place divided by the number of levels of this place that you've seen.
                   A       B       C       D       E      F
               +-------+-------+-------+-------+-------+----------------------
         Total | 100.0 | 100.0 |   2.5 |  25.4 |  53.8 | 725.3
       Dungeon | 100.0 | 100.0 |   2.5 |  25.4 |  53.8 | 725.3
               +-------+-------+-------+-------+-------+----------------------

Table legend:
 A = Kills in this place as a percentage of kills in entire the game.
 B = Kills by you in this place as a percentage of kills by you in the entire game.
 C = Kills by friends in this place as a percentage of kills by friends in the entire game.
 D = Other kills in this place as a percentage of other kills in the entire game.
 E = Experience gained in this place as a percentage of experience gained in the entire game.
 F = Experience gained in this place divided by the number of levels of this place that you have seen.
                   A       B       C       D       E      F
               +-------+-------+-------+-------+-------+----------------------
         Total | 100.0 | 100.0 |   N/A |   N/A | 100.0 |  73.3
       Dungeon | 100.0 | 100.0 |   N/A |   N/A | 100.0 |  73.3
               +-------+-------+-------+-------+-------+----------------------

Skill      XL: |  1  2  3  4 |
---------------+-------------+-----
Axes           | 2 3 |  3.3
Fighting       | 4 |  4.1
Armour         | 4 |  4.1
Shields        | 4 |  4.0

Action                   |  1- 3 |  4- 6 || total
-------------------------+-------+-------++-------
Melee: War axe           |   114 |   112 ||   226
Throw: Dart              |     1 |       ||     1
       Stone             |    26 |    26 ||    52
  Eat: Ration            |     1 |     1 ||     2
Armor: Scale mail        |    75 |    55 ||   130
Dodge: Dodged            |    47 |    32 ||    79
Block: Kite shield       |    61 |    55 ||   116

Vanquished Creatures
  Natasha (D:3)
  4 adders
  An ufetubus (D:3)
  2 oozes
  3 worms
  2 dart slugs (D:1)
  3 leopard geckos
  5 orcs (D:3)
  2 giant cockroaches
  4 goblins
  7 hobgoblins
  3 jackals (D:1)
  A quokka (D:2)
  6 bats
  5 frilled lizards
  7 kobolds
  4 rats
60 creatures vanquished.
